 Dungeon Crawl Stone Soup version 0.27.0-1-g7a089689b8 (webtiles) character file.

Game seed: 9321186565878158240

190 PentaManta the Changer (level 5, -3/37 HPs)
             Began as a Merfolk Transmuter on Aug 14, 2021.
             Slain by a killer bee (6 damage)
             ... on level 9 of the Dungeon.
             The game lasted 00:10:43 (4853 turns).

PentaManta the Changer (Merfolk Transmuter)         Turns: 4853, Time: 00:10:43

Health: -3/37      AC:  2    Str:  9 (10) XL:     5   Next: 69%
Magic:  9/9        EV: 12    Int: 12 (13) God:
Gold:   208        SH:  0    Dex: 14 (15) Spells: 2/10 levels left

rFire    . . .     SeeInvis +     - Unarmed
rCold    . . .     Faith    .   (no shield)
rNeg     . . .     Spirit   .   a - +0 robe
rPois    .         Reflect  .   (no helmet)
rElec    .         Harm     .   (no cloak)
rCorr    .         Rampage  .   (no gloves)
Will     .....     Clarity  +   (no boots)
Stlth    +.........             k - amulet of magic regeneration
HPRegen  0.12/turn              h - ring of see invisible
MPRegen  0.36/turn              (no ring)

@: lethally poisoned (-3 -> -6)
A: (nimble swimmer 2), mertail, clarity, screaming 1
a: no special abilities


You were on level 9 of the Dungeon.
You visited 1 branch of the dungeon, and saw 6 of its levels.

You collected 208 gold pieces.

Inventory:

Missiles
 e - 6 boomerangs (quivered)
 f - 3 curare-tipped darts
Armour
 a - a +0 robe (worn)
Jewellery
 h - a ring of see invisible (left hand)
 k - an amulet of magic regeneration (around neck)
 o - a ring of flight
Scrolls
 d - a scroll of holy word
 p - 3 scrolls of enchant armour
Potions
 i - a potion of might {unknown}
 j - a potion of haste {unknown}
 l - a potion of berserk rage {unknown}
 m - a potion of flight {unknown}


   Skills:
 - Level 1.1 Fighting
 - Level 2.6 Dodging
 - Level 4.0 Unarmed Combat
 - Level 3.0 Spellcasting
 * Level 5.5 Transmutations
 * Level 2.0 Poison Magic


You had 2 spell levels left.
You knew the following spells:

 Your Spells              Type           Power      Damage    Failure   Level
a - Beastly Appendage     Tmut           30%        N/A       2%          1
b - Spider Form           Tmut/Pois      5%         N/A       16%         3
c - Ice Form              Ice/Tmut       8%         N/A       61%         4

Your spell library contained the following spells:

 Spells                   Type           Power      Damage    Failure   Level
 Wereblood                Tmut           15%        N/A       3%          2
 Passage of Golubria      Tloc           N/A        N/A       94%         4
 Silence                  Hex/Air        0%         N/A       100%        5
 Lehudib's Crystal Spear  Conj/Erth      0%         10d2      100%        8


Dungeon Overview and Level Annotations

Branches:
Dungeon (6/15)
 Temple: D:4-7

Altars:

Annotations:
D:6 exclusion: ice beast


Innate Abilities, Weirdness & Mutations

((You are quick and stealthy near water. (Stealth+, EV+, Speed+++)))
Your lower body shifts to a powerful aquatic tail in water.
You possess an exceptional clarity of mind.
You occasionally shout uncontrollably at your foes.


Message History

Found a stone staircase leading down.
Found a hand crossbow.
You now have 208 gold pieces (gained 22).
You fall into a shaft and drop 3 floors!
The shaft crumbles and collapses.
A gnoll comes into view. It is wielding a +0 whip.
The gnoll shouts!
A killer bee comes into view.
The killer bee buzzes angrily.
A killer bee comes into view.
The killer bee buzzes angrily.
You hear a shout! x2
Found a viscous inky potion, a runed robe and a potion of curing.
You yell at the gnoll!
A gnoll comes into view. It is wielding a +0 club.
Okay, then.
A killer bee comes into view.
You hear a bark!
You hear a shout!
You hear an angry buzzing noise. x2
You hear a bellow! x2
A gnoll comes into view. It is wielding a +0 whip.
The gnoll barely misses you.
A gnoll comes into view. It is wielding a +0 spear.
The killer bee closely misses you. The killer bee closely misses you.
The killer bee stings you.
* * * LOW HITPOINT WARNING * * *
You are lethally poisoned!
The killer bee poisons you! The killer bee completely misses you.
You feel better. The killer bee barely misses you.
The killer bee stings you but does no damage.
The killer bee closely misses you. The killer bee stings you.
* * * LOW HITPOINT WARNING * * *
You are poisoned.
The killer bee poisons you! The killer bee stings you.
* * * LOW HITPOINT WARNING * * *
The killer bee barely misses you.
* * * LOW HITPOINT WARNING * * *
You feel sick.
A yak comes into view.
* * * LOW HITPOINT WARNING * * *
You feel sick. The killer bee stings you.
You die...

.....## #.
.....###Y.
..........
.........
.........
#........
#........
#@.......
#.y.!....
##yy......
..###++##g........
.........g.......#
................##
...............##
.....g.!...[..##
.........g...##


You could see a yak (wandering), 3 killer bees and 2 gnolls.

Vanquished Creatures
  A hound (D:6)
  An orc priest (D:3)
  A howler monkey skeleton (D:6)
  4 adders
  An ufetubus (D:6)
  A worm (D:2)
  4 dart slugs
  6 orcs (D:3)
  4 endoplasms
  5 giant cockroaches
  4 goblins
  5 hobgoblins
  2 jackals (D:2)
  8 kobolds
  6 quokkas
  6 bats
  4 frilled lizards
  4 rats
67 creatures vanquished.

Vanquished Creatures (others)
  A plant (D:1)
1 creature vanquished.

Grand Total: 68 creatures vanquished

Notes
Turn   | Place    | Note
-------+----------+-------------------------------------------
     0 | D:1      | PentaManta the Merfolk Transmuter began the quest for the
                  | Orb.
     0 | D:1      | Reached XP level 1. HP: 15/15 MP: 3/3
    65 | D:1      | Reached skill level 3 in Transmutations
    91 | D:1      | Reached XP level 2. HP: 20/21 MP: 5/5
   934 | D:1      | Reached XP level 3. HP: 22/26 MP: 4/6
  1697 | D:1      | Learned a level 3 spell: Spider Form
  2048 | D:2      | Reached skill level 4 in Transmutations
  2299 | D:2      | Gained mutation: You occasionally shout uncontrollably at
                  | your foes. [potion of mutation]
  2299 | D:2      | Gained mutation: You possess an exceptional clarity of
                  | mind. [potion of mutation]
  2310 | D:2      | HP: 1/26 [poisoned by an adder]
  2925 | D:2      | Reached XP level 4. HP: 32/32 MP: 8/8
  3463 | D:3      | Learned a level 4 spell: Ice Form
  3868 | D:3      | Reached XP level 5. HP: 25/37 MP: 9/9
  3997 | D:3      | Reached skill level 5 in Transmutations
  4015 | D:3      | HP: 1/37 [hobgoblin (2)]
  4567 | D:3      | You fall into a shaft and drop 3 floors!
  4619 | D:6      | Reached skill level 1 in Poison Magic
  4676 | D:6      | Noticed an ice beast
  4847 | D:6      | You fall into a shaft and drop 3 floors!
  4852 | D:9      | Noticed a yak
  4853 | D:9      | Slain by a killer bee

Illustrated notes

Levels and vault maps discovered:
D:1:      giann_forest_graveyard, layout_loops_corners, serial_bayou_ford_a
D:2:      minmay_razor_zed, layout_basic
D:3:      layout_loops_cross
D:4:      layout_gridville, temple_statues, minmay_misc_feat_five
D:6:      layout_loops_corners, gammafunk_temple_overflow_elements,
          nicolae_ossuary_entry_monument, chequers_serial_rivers_small_b,
          kennysheep_generic_room_13
D:9:      layout_big_octagon, orc_0_dummy, serial_gnoll_camp,
          gnoll_camp_mini_house, gnoll_camp_huts_basic, gnoll_camp_mini_house,
          gnoll_camp_mini_house, gnoll_camp_mini_hut

Skill      XL: |  1  2  3  4  5 |
---------------+----------------+-----
Transmutations | 3 4 5 |  5.5
Spellcasting   | 3 |  3.0
Unarmed Combat | 4 |  4.0
Poison Magic   | 2 |  2.0
Fighting       | |  1.1
Dodging        | |  2.6

Action                   |  1- 3 |  4- 6 || total
-------------------------+-------+-------++-------
Melee: Unarmed           |   118 |   116 ||   234
       Punch             |     1 |       ||     1
       Headbutt          |    10 |     5 ||    15
       Tailslap          |     1 |       ||     1
Throw: Boomerang         |     4 |    12 ||    16
       Stone             |     4 |       ||     4
 Cast: Beastly Appendage |    30 |    11 ||    41
       Spider Form       |     1 |     7 ||     8
  Use: Potion            |     4 |     1 ||     5
       Scroll            |       |     5 ||     5
 Stab: Sleeping          |     1 |     1 ||     2
Armor: Robe              |    27 |    18 ||    45
       Skin              |       |     3 ||     3
Dodge: Dodged            |    72 |    88 ||   160
